[Event "Early-Titled-Tuesday-Blitz-March-26-2024"]
[Site "Chess.com"]
[Date "2024.03.26"]
[Round "3"]
[White "jcibarra"]
[Black "Kunalm64"]
[Result "1-0"]
[WhiteElo "2998"]
[BlackElo "2636"]
[TimeControl "180+1"]
[EndTime "8:28:49 PDT"]
[Termination "jcibarra won by resignation"]

1. e4 c6 2. Nf3 d5 3. d3 dxe4 4.
dxe4 Qxd1+ 5. Kxd1 Bg4 6. Be2 Nd7 7. Ne1 Bxe2+ 8. Kxe2 O-O-O 9. Nd3 g6 10. Be3 Nb6 11. Ne5 Bg7 12. Nxf7 Bxb2 13. Nxd8 Kxd8 14. Rd1+ Kc8 15.
Bd4 Bxa1 16. Bxa1 Nf6 17. f3 Rd8 18. Nd2 c5 19. g4 Kc7 20. Rb1 Kc6 21. h4 Rf8 22. Nb3 Nc4 23. Rh1 Rd8 24. h5 g5 25.
Bc3 b6 26. h6 Na3 27. Rc1 a5 28. Nd2 Nb5 29. Bb2 Nd4+ 30. Bxd4 Rxd4 31. c3 Rd8 32. Nc4 a4 33. Rb1 b5 34. Ne5+ Kb6 35. Nf7 Rg8 36. Rd1 Kc7 37. e5 Nd7 38. e6 Nf8 39.
Rd8 b4 40. cxb4 cxb4 41. Kd3 b3 42. axb3 a3 43. Kc2 Kc6 44. Kb1 Rg6 45. Rxf8 Kc7 46. Nd8 Rxh6 47. Ka2 Rh3 48. Kxa3 h5 49. gxh5 Rxh5 50.
Nf7 1-0

[Event "Early-Titled-Tuesday-Blitz-March-26-2024"]
[Site "Chess.com"]
[Date "2024.03.26"]
[Round "3"]
[White "ChelsieMonica"]
[Black "DonkyDonkyDonkey"]
[Result "1-0"]
[WhiteElo "2548"]
[BlackElo "2957"]
[TimeControl "180+1"]
[EndTime "8:28:49 PDT"]
[Termination "ChelsieMonica won by resignation"]

1. e4 e5 2. Nf3 d5 3. Nxe5 Bd6 4. d4 dxe4 5. Be2 Bxe5 6. dxe5 Qxd1+ 7. Bxd1 Nc6 8. Bf4 Nge7 9. Nc3 Bf5 10. g4 Be6 11.
Nxe4 Ng6 12. Bg3 Ngxe5 13. f3 O-O-O 14. O-O Rhe8 15. Bf2 Bd5 16. Bh4 f6 17. Nc3 Bc4 18. Re1 Nd4 19. Kf2 Ne6 20. Re4 Nc5 21. Re3 Rd2+ 22.
Kg1 Re6 23. Be1 Nxf3+ 24. Bxf3 Rxe3 25. Bxd2 Rxf3 26. Re1 h5 27. b3 Bf7 28. Re7 Bg6 29.
Rxg7 Bxc2 30. gxh5 Rd3 31. Be1 Re3 32. Bd2 Rd3 33. Be1 Rh3 34. Rg8+ Kd7 35. Rh8 f5 36. h6 f4 37. Nd5 f3 38. Nf6+ Kc6 39. h7 Ne4 40. Rf8 f2+ 41. Bxf2 Nxf2 42. h8=Q Rxh8 43.
Rxh8 Nd3 44. h4 Ne5 45. h5 Nf3+ 46. Kf2 Ng5 47. h6 Bb1 48. Rg8 Nf7 49. h7 Bxh7 50. Nxh7 Ne5 51. Nf6 Nd3+ 52. Ke3 Nc1 53. Kd2 Nxa2 54.
Kc2 Nb4+ 55. Kc3 a6 56. Kxb4 b5 57. Ne4 Kb6 58. Rg6+ Ka7 59. Nc5 Kb8 60. Ka5 Kc8 61. Nxa6 Kd7 62. Nc5+ Ke7 63. Kb4 c6 64. Rxc6 Kd8 65.
Rb6 Kc7 66. Rxb5 Kc6 67. Kc4 Kc7 68. b4 Kc6 69. Nd3 Kc7 70. Rc5+ Kb6 71. b5 Ka7 72. Kd4 Kb8 73. Kc4 Ka8 74. Kb4 Kb7 75. Ne5 Ka8 76.
Rc6 Kb7 77. Kc5 Ka8 78. Kb6 Kb8 79. Nd7+ 1-0

[Event "Early-Titled-Tuesday-Blitz-March-26-2024"]
[Site "Chess.com"]
[Date "2024.03.26"]
[Round "3"]
[White "BigAl"]
[Black "sokidze"]
[Result "0-1"]
[WhiteElo "2505"]
[BlackElo "2785"]
[TimeControl "180+1"]
[EndTime "8:28:50 PDT"]
[Termination "sokidze won by checkmate"]

1. Nf3 d5 2. g3 Nf6 3. Bg2 e6 4. O-O Be7 5. d3 O-O 6. Nbd2 c5 7. e4 Nc6 8. Re1 Qc7 9. e5 Nd7 10. Qe2 a5 11. c4 d4 12. Nf1 a4 13. h4 Rb8 14. h5 h6 15. N1h2 b5 16. cxb5 Rxb5 17. Ng4 Re8 18. Bxh6 gxh6 19. Nxh6+ Kg7 20. Qe4 Nd8 21.
Nxf7 Nf8 22. N3g5 Nxf7 23. Nxf7 Kxf7 24. Qf4+ Kg8 25. Qg4+ Kh8 26. h6 Bd8 27. Bc6 Qf7 28.
Bxb5 Bd7 29. Bxd7 Nxd7 30. Re4 Rg8 31. Qe2 Bg5 32. Kg2 Kh7 33. Rh1 Qf5 34. Rh5 Qg6 35.
f4 Be7 36. Rh3 Qf5 37. Qc2 Qg4 38. Qxa4 Nf8 39. Qa7 Ng6 40. Qd7 Kh8 41. Qc7 Qd1 42.
h7 Qd2+ 43. Kf3 Qxd3+ 44. Kg4 Nxe5+ 45. Kh5 Qd1+ 46. Kh6 Rg6# 0-1

[Event "Early-Titled-Tuesday-Blitz-March-26-2024"]
[Site "Chess.com"]
[Date "2024.03.26"]
[Round "3"]
[White "Goryachkina"]
[Black "PedroGil25"]
[Result "1-0"]
[WhiteElo "2684"]
[BlackElo "2469"]
[TimeControl "180+1"]
[EndTime "8:28:50 PDT"]
[Termination "Goryachkina won by resignation"]

1. e4 c6 2. Nf3 d5 3. exd5 cxd5 4. Ne5 Nf6 5. d4 Nbd7 6. Nc3 g6 7. Bd3 Bg7 8. O-O O-O 9. Re1 a6 10. h3 Qb6 11.
Bf1 e6 12. Nf3 Qc7 13. Ne2 Ne4 14. Bf4 Qb6 15. Qc1 Nb8 16. c3 Nc6 17. Ng3 Nxg3 18. Bxg3 Bd7 19. Bd3 Rac8 20. Qd2 Ne7 21. Be5 Bb5 22. Bc2 f6 23. Bf4 Rce8 24. h4 Bd7 25. Rab1 Nf5 26. h5 g5 27. Bh2 Kh8 28. a4 g4 29. Bxf5 exf5 30. Nh4 Rg8 31. h6 Bf8 32. Rxe8 Bxe8 33. Re1 Bd7 34. b4 Rg5 35. Bf4 Bxh6 36. g3 Qd8 37. a5 Qg8 38. Qe3 Qf7 39. Qe7 Kg7 40. Ng2 Rg6 41. Bxh6+ Rxh6 42. Nf4 Bc6 43. Qd6 Kg8 44. Re7 Qf8 45. Qe6+ Kh8 46. Rf7 Qg8 47. Qe7 Qe8 48. Rf8+ 1-0

[Event "Early-Titled-Tuesday-Blitz-March-26-2024"]
[Site "Chess.com"]
[Date "2024.03.26"]
[Round "3"]
[White "Yaacovn"]
[Black "DreamsAreFake"]
[Result "0-1"]
[WhiteElo "2900"]
[BlackElo "2745"]
[TimeControl "180+1"]
[EndTime "8:28:51 PDT"]
[Termination "DreamsAreFake won on time"]

1. d4 Nf6 2. e3 b6 3. Nf3 Bb7 4. Be2 g6 5. O-O Bg7 6. b3 O-O 7. Bb2 d6 8. c4 Nbd7 9. Qc2 Re8 10. Rd1 e6 11. Nc3 Qe7 12. Rac1 c5 13. Nb5 Red8 14. dxc5 Nxc5 15. Qb1 a6 16. Nc3 d5 17.
cxd5 Nxd5 18. Nxd5 Bxd5 19. Bxg7 Kxg7 20. h3 Bxf3 21.
Bxf3 Rxd1+ 22. Rxd1 Rd8 23. Qb2+ f6 24. Rd4 e5 25. Rd2 Rxd2 26. Qxd2 Qd7 27. Qc3 a5 28. Be2 Qd5 29. h4 Qe4 30. g3 Qb1+ 31. Kg2 Qxa2 32. Bc4 Qb1 33. Qd2 Qe4+ 34. Kh2 Qf5 35.
Kg1 Qd7 36. Qc2 Qd6 37. Qe2 Ne4 38. Qf3 f5 39. Kg2 Qc7 40. Qd1 Nf6 41. Qa1 Qd6 42. Qa4 Ng4 43. Qe8 Nf6 44. Qf7+ Kh6 45. Be6 Qd8 46. f3 b5 47. g4 fxg4 48. fxg4 Qd2+ 0-1

[Event "Early-Titled-Tuesday-Blitz-March-26-2024"]
[Site "Chess.com"]
[Date "2024.03.26"]
[Round "3"]
[White "artin10862"]
[Black "Matibar"]
[Result "0-1"]
[WhiteElo "2895"]
[BlackElo "2740"]
[TimeControl "180+1"]
[EndTime "8:28:51 PDT"]
[Termination "Matibar won by resignation"]

1. c4 Nf6 2. Nc3 e5 3. Nf3 Nc6 4. g3 Bc5 5. Bg2 O-O 6. O-O d6 7. d3 h6 8. a3 a5 9. Rb1 Bg4 10. h3 Bf5 11. e3 Bh7 12. Ne1 Re8 13. b3 Rb8 14. Bb2 Ne7 15. Nc2 c6 16. b4 axb4 17. axb4 Bb6 18. b5 Bc7 19. Nb4 Qd7 20. Qa4 c5 21. Nbd5 Nexd5 22. Nxd5 Nxd5 23. Bxd5 Bxd3 24. Kg2 Bxf1+ 25. Rxf1 Ra8 26. Qb3 Bb6 27. Bc3 Ba5 28. Bb2 Bb4 29. Rd1 e4 30. g4 Qe7 31. Rf1 Kh8 32. Rd1 Rf8 33. Qc2 Rae8 34. Rf1 f5 35.
Rg1 f4 36. Rf1 fxe3 37. fxe3 Rxf1 38. Kxf1 Rf8+ 39. Kg2 Be1 40. Qe2 Rf2+ 41. Qxf2 Bxf2 42. Kxf2 b6 43. Kg3 Kh7 44. Bc3 g6 45. h4 h5 46. g5 Qd7 47. Kf2 Qg4 48. Bf6 Qxh4+ 49. Ke2 Qg4+ 50. Kd2 h4 51. Bd8 h3 52. Bc7 h2 0-1

[Event "Early-Titled-Tuesday-Blitz-March-26-2024"]
[Site "Chess.com"]
[Date "2024.03.26"]
[Round "3"]
[White "wild3000"]
[Black "jinbojinbo"]
[Result "0-1"]
[WhiteElo "2455"]
[BlackElo "2647"]
[TimeControl "180+1"]
[EndTime "8:28:51 PDT"]
[Termination "jinbojinbo won on time"]

1. e4 e5 2. Nf3 Nc6 3. Bb5 a6 4. Ba4 Nf6 5. O-O Nxe4 6. Re1 Nd6 7. Nxe5 Be7 8. d4 O-O 9. c3 Nf5 10. Bc2 d5 11. Nxc6 bxc6 12. Nd2 c5 13. Nf3 cxd4 14. cxd4 Bd6 15. Bg5 f6 16. Bd2 Rb8 17. Rb1 Re8 18.
Rxe8+ Qxe8 19. Bc3 Bd7 20. Qd3 g6 21. Re1 Qf7 22.
Qxa6 h5 23. Qa7 Re8 24. Rxe8+ Qxe8 25. Bd3 g5 26. Qa5 c6 27. Bf1 g4 28. Ne1 h4 29.
Qa6 Qb8 30. g3 hxg3 31. hxg3 Bxg3 32. Qe2 Bh2+ 33. Kh1 Ng7 34. Ng2 Bd6 35. Ne3 f5 36.
f3 Qd8 37. fxg4 fxg4 38. Kg1 Qh4 39. Be1 Qg5 40. Bg2 g3 41. Qf3 Qe7 42. a4 Nf5 43. Bd2 Nxd4 44. Qh5 Qf6 45. Be1 Qf4 46. Ng4 Bxg4 47. Qe8+ Kg7 0-1

[Event "Early-Titled-Tuesday-Blitz-March-26-2024"]
[Site "Chess.com"]
[Date "2024.03.26"]
[Round "3"]
[White "lukazz029"]
[Black "KhazhatulyAlikhan"]
[Result "1-0"]
[WhiteElo "2012"]
[BlackElo "2450"]
[TimeControl "180+1"]
[EndTime "8:28:51 PDT"]
[Termination "lukazz029 won on time"]

1. e4 c5 2. Nf3 e6 3. d4 cxd4 4. Nxd4 a6 5. c4 Nf6 6. Nc3 Bb4 7. Bd3 Qc7 8. Nc2 Bd6 9. h3 Nc6 10. O-O h5 11. f4 Bc5+ 12. Kh1 Ng4 13. Qe2 Qd8 14.
Bd2 d6 15. a3 Nd4 16. Nxd4 Bxd4 17. Rad1 Qh4 18. Be1 Qd8 19. Bd2 Bd7 20. Bb1 Bc6 21.
Bc1 Ba7 22. Bd2 Rc8 23. Rf3 Qb6 24. Nd5 Bxd5 25. exd5 Nf2+ 26. Kh2 Nxd1 27. Qxd1 exd5 28. Qe2+ Kf8 29. Be3 d4 30. Bf2 Re8 31. Qd2 Qc7 32.
Bd3 g6 33. b4 Kg7 34. f5 f6 35.
fxg6 Bb8 36. Bh4 d5+ 37. Bg3 Qe7 38. Bxb8 Rxb8 39. Qf4 Rbd8 40. Qxd4 dxc4 41. Qxc4 Qe5+ 42. Kg1 Rc8 43. Qf4 Qxf4 44. Rxf4 Rc3 45. Be2 Rxa3 46. Rc4 1-0

[Event "Early-Titled-Tuesday-Blitz-March-26-2024"]
[Site "Chess.com"]
[Date "2024.03.26"]
[Round "3"]
[White "Aleksandar-Topalov"]
[Black "Hope_6"]
[Result "1-0"]
[WhiteElo "2339"]
[BlackElo "2684"]
[TimeControl "180+1"]
[EndTime "8:28:54 PDT"]
[Termination "Aleksandar-Topalov won by checkmate"]

1. b3 d5 2. Bb2 e6 3. Nf3 Nf6 4. e3 Bd6 5. d4 O-O 6. Nbd2 c6 7. Bd3 Nbd7 8. O-O Qc7 9. c4 Re8 10.
Rc1 Nf8 11. Re1 Ng6 12. e4 dxe4 13. Nxe4 Nxe4 14. Bxe4 Bf4 15. Rc2 b6 16. d5 Bb7 17.
Bxg6 hxg6 18. Qd4 e5 19. Nxe5 Bxe5 20. Rxe5 f6 21. Ree2 cxd5 22. f3 dxc4 23. Rxc4 Qf7 24. Rcc2 Rad8 25. Qa4 Rd1+ 26. Kf2 Red8 27. Qxa7 R8d7 28.
Qxb6 Kh7 29. Qb4 g5 30. Rcd2 R1xd2 31. Rxd2 Re7 32. Re2 Rd7 33. Rd2 Re7 34. Qc3 Qg6 35.
Qd3 f5 36. Qd6 Qxd6 37. Rxd6 Bc8 38. Bd4 Rc7 39. Be3 Rc2+ 40. Rd2 Rc1 41. Bxg5 Ra1 42. h4 Kg6 43. a4 Ba6 44. Rb2 Rf1+ 45. Kg3 Rg1 46. b4 Ra1 47. b5 Bb7 48. Rb4 Kh5 49.
Kf4 g6 50. g4+ fxg4 51. fxg4# 1-0

[Event "Early-Titled-Tuesday-Blitz-March-26-2024"]
[Site "Chess.com"]
[Date "2024.03.26"]
[Round "3"]
[White "MightyGMpretender"]
[Black "tusplingher"]
[Result "1/2-1/2"]
[WhiteElo "2766"]
[BlackElo "2513"]
[TimeControl "180+1"]
[EndTime "8:28:55 PDT"]
[Termination "Game drawn by repetition"]

1. e4 c5 2. Nf3 d6 3. d4 cxd4 4. Nxd4 Nf6 5. Bd3 Nc6 6. Nxc6 bxc6 7. O-O g6 8. c4 Bg7 9. Nc3 O-O 10. h3 Rb8 11. Rb1 Nd7 12. Be3 Qa5 13. Bd2 Qc7 14. b3 Nc5 15. Bc2 a5 16. Qe2 Ne6 17. Kh1 Nd4 18.
Qd1 f5 19. f4 Nxc2 20. Qxc2 fxe4 21. Nxe4 c5 22. Bc3 Bb7 23. Bxg7 Kxg7 24. Ng5 Rf6 25. Rbe1 Qd7 26. Qc3 Kg8 27. Ne4 Re6 28. Nf2 Rxe1 29. Rxe1 Rf8 30. Ng4 h5 31. Nf2 Rxf4 32. Qg3 Rf6 33.
Ne4 Bxe4 34. Rxe4 e5 35. Qd3 Kg7 36. Rxe5 Qf7 37. Re1 Kh7 38. Kh2 Kg7 39. Qc3 Kh7 40.
Qxa5 Rf2 41. Qd8 Qf4+ 42. Kg1 Qd4 43. Kh1 Qf4 44. Re7+ Kh6 45. Qh8+ Kg5 46. Re1 Rf1+ 47. Rxf1 Qxf1+ 48. Kh2 Qf4+ 49. Kg1 Qc1+ 50. Kf2 Qd2+ 51.
Kf1 Qd1+ 52. Kf2 Qd2+ 53. Kf3 Qd3+ 54. Kf2 Qd2+ 1/2-1/2

[Event "Early-Titled-Tuesday-Blitz-March-26-2024"]
[Site "Chess.com"]
[Date "2024.03.26"]
[Round "3"]
[White "forevery0ung"]
[Black "Tolya2"]
[Result "1-0"]
[WhiteElo "2726"]
[BlackElo "2501"]
[TimeControl "180+1"]
[EndTime "8:28:55 PDT"]
[Termination "forevery0ung won by resignation"]

1. c4 e6 2. Nf3 d5 3. e3 dxc4 4. Bxc4 Nf6 5. b3 c5 6. Bb2 a6 7. Nc3 b5 8. Be2 Bb7 9. Rc1 Nbd7 10. Qc2 Rc8 11. a4 b4 12. Nb1 Be7 13. d3 O-O 14. Nbd2 Nb6 15. O-O a5 16. Rfd1 Qc7 17. Ne5 Nfd7 18.
Nec4 Nxc4 19. dxc4 Bf6 20. Bf3 Ne5 21. Bxb7 Qxb7 22.
Ne4 Rfd8 23. h3 Qe7 24. Rxd8+ Rxd8 25. Rd1 Rxd1+ 26. Qxd1 h6 27. f4 Nd7 28. Bxf6 Nxf6 29.
Qd6 Qxd6 30. Nxd6 Kf8 31. Nb7 Ne4 32. Nxa5 Ke7 33. Nb7 Kd7 34. a5 Kc6 35. Nd8+ Kc7 36. a6 Kb6 37. Kf1 Nd2+ 38. Ke2 Nxb3 39. Nxf7 Na5 40.
Kd3 Kxa6 41. Nd8 b3 42. Nxe6 Kb6 43. Kc3 b2 44. Kxb2 Nxc4+ 45. Kc3 Nxe3 46. g4 g6 47. Kd3 Ng2 48. f5 gxf5 49. gxf5 Nh4 50. f6 Kc6 51. f7 Ng6 52. Ke4 Kd6 53. Kf5 Ne7+ 54. Kf6 Nd5+ 55. Kg7 Kxe6 56. f8=Q c4 57. Qc8+ Ke5 58.
Qxc4 Nf4 59. Kxh6 Nxh3 60. Qc3+ Kf4 61. Qxh3 Ke4 62. Kg6 Kf4 63. Kf6 1-0

[Event "Early-Titled-Tuesday-Blitz-March-26-2024"]
[Site "Chess.com"]
[Date "2024.03.26"]
[Round "3"]
[White "ChristianArca"]
[Black "SuperJesus88"]
[Result "1-0"]
[WhiteElo "2672"]
[BlackElo "2466"]
[TimeControl "180+1"]
[EndTime "8:28:57 PDT"]
[Termination "ChristianArca won on time"]

1. e4 d6 2. d4 Nf6 3. Nc3 e5 4. Be3 Be7 5. f3 O-O 6. Bc4 c6 7. Nge2 d5 8. Bb3 exd4 9. Bxd4 dxe4 10. fxe4 b5 11. a3 a6 12. e5 Ne8 13. O-O c5 14. Be3 c4 15. Ba2 Qxd1 16. Raxd1 Nc7 17. Bb6 Ne6 18.
a4 Bd7 19. b3 cxb3 20. Bxb3 bxa4 21. Bd5 Bc6 22. Nxa4 Bxa4 23. Bxa8 Nd7 24. Rxd7 Bxd7 25. Bd5 Bc5+ 26. Bxc5 Nxc5 27. Ra1 Re8 28. Ra5 Rxe5 29.
Rxc5 Rxe2 30. Bc4 Rd2 31. Bxa6 Kf8 32. Bd3 Ke7 33. h4 Kd6 34. Rc4 Bc6 35. Rg4 g6 36. h5 Ke5 37. Kh2 f5 38. Rg3 Kf6 39. hxg6 hxg6 40. Kg1 g5 41. Bf1 Rxc2 42. Ra3 Rc1 43. Kf2 Ke5 44. Ra5+ Kf4 45. g3+ Kg4 46. Be2+ Kh3 47.
Rxf5 1-0

[Event "Early-Titled-Tuesday-Blitz-March-26-2024"]
[Site "Chess.com"]
[Date "2024.03.26"]
[Round "3"]
[White "stasOR4ik"]
[Black "PepeCuenca"]
[Result "1/2-1/2"]
[WhiteElo "2432"]
[BlackElo "2743"]
[TimeControl "180+1"]
[EndTime "8:28:57 PDT"]
[Termination "Game drawn - insufficient material"]

1. e4 c5 2. c3 Nf6 3. e5 Nd5 4. d4 cxd4 5. Nf3 Nc6 6. Bc4 Nb6 7. Bb3 d5 8. exd6 Qxd6 9. Nxd4 Nxd4 10. Qxd4 Qxd4 11.
cxd4 e6 12. Nc3 Bd6 13. Be3 O-O 14. O-O Bd7 15. d5 Rfe8 16. Rfd1 Bb4 17. Bxb6 axb6 18. dxe6 Bxe6 19. Nd5 Bxd5 20. Rxd5 Re7 21. Rad1 g6 22. g3 Bc5 23. Rd7 Rae8 24. Bc4 Kg7 25. Kg2 h5 26. h4 Kf6 27. R1d3 Kg7 28. b3 Rxd7 29. Rxd7 Re7 30. Rxe7 Bxe7 31. Bd5 Ba3 32. Bxb7 Kf6 33. Kf3 Bc5 34. Bd5 Ke7 35. Ke2 Kf6 36. f3 Bd6 37. Kf2 Bc5+ 38. Kg2 Kg7 39. Kh3 f5 40. Be6 Kf6 41. Bc8 Ba3 42. Kg2 Ke5 43. Bd7 Kf6 44. Kf1 Bb4 45. Ke2 Bd6 46. g4 fxg4 47. fxg4 hxg4 48.
Bxg4 Bg3 49. h5 gxh5 50. Bxh5 Bd6 51. Kd3 Ke7 52. Kc4 Kd7 53. Kb5 Kc7 54. Bf3 Ba3 55. b4 Bc1 56. a4 Bd2 57. Be4 Be1 58. a5 bxa5 59. bxa5 Bxa5 1/2-1/2

[Event "Early-Titled-Tuesday-Blitz-March-26-2024"]
[Site "Chess.com"]
[Date "2024.03.26"]
[Round "3"]
[White "IshviAggarwal"]
[Black "JoliyRoger"]
[Result "0-1"]
[WhiteElo "2181"]
[BlackElo "2418"]
[TimeControl "180+1"]
[EndTime "8:28:57 PDT"]
[Termination "JoliyRoger won by checkmate"]

1. Nf3 Nf6 2. g3 c5 3. Bg2 Nc6 4. O-O e5 5. c4 Be7 6. d3 O-O 7. b3 d5 8. cxd5 Nxd5 9. Bb2 f6 10. Nbd2 Be6 11. Rc1 Rc8 12. Ne1 b6 13. Nc2 Qd7 14.
Nc4 Rfd8 15. N2e3 Nc7 16. Qc2 Kh8 17. f4 exf4 18. Rxf4 Nb5 19. Rcf1 Nbd4 20. Qd2 b5 21. Na3 Nb4 22. Bxd4 cxd4 23. Nf5 Bf8 24. Nxd4 Bc5 25.
Kh1 Bxd4 26. Qxb4 Bc5 27. Qa5 Rb8 28. Nc2 Rdc8 29. Qd2 Qc7 30. Ne3 Bd6 31. d4 h6 32.
R4f2 a5 33. Nf5 Bb4 34. Qd3 Qc2 35. d5 Bd7 36. Qxc2 Rxc2 37. Nh4 Rxa2 38. Be4 Kg8 39. Ng6 Re8 40. Bf5 Bxf5 41. Rxf5 Raxe2 42. Nf4 R2e3 43. Ne6 Bd6 44. R5f4 Re5 45. Rg4 g5 46. Nc7 Bxc7 47.
Rc1 Bd6 48. Rc6 Rxd5 49. h4 Re1+ 50. Kg2 Rd2+ 51. Kh3 Rh1# 0-1

[Event "Early-Titled-Tuesday-Blitz-March-26-2024"]
[Site "Chess.com"]
[Date "2024.03.26"]
[Round "3"]
[White "Oleksandr_Bortnyk"]
[Black "Elegance_Riks"]
[Result "1-0"]
[WhiteElo "3083"]
[BlackElo "2799"]
[TimeControl "180+1"]
[EndTime "8:28:59 PDT"]
[Termination "Oleksandr_Bortnyk won by resignation"]

1. e4 e6 2. Nf3 d5 3. e5 c5 4. d4 Nc6 5. Bd3 Bd7 6. O-O Qb6 7. a4 a6 8. Re1 h6 9. Nc3 c4 10. Bf1 Bb4 11. Bd2 Nge7 12. Ne2 Bxd2 13. Qxd2 Nf5 14.
a5 Qb4 15. c3 Qb5 16. g4 Nfe7 17. b4 Na7 18. Ng3 O-O-O 19. Nh5 Rdg8 20. Be2 Qc6 21. Bd1 Qc7 22. Bc2 Kb8 23. Kh1 Ka8 24. Rg1 Be8 25. Rae1 Nec6 26. Rg3 Nb8 27. Reg1 Nd7 28. Qe3 g6 29. Nf6 Nxf6 30. exf6 Bb5 31. Rh3 Qd8 32.
Ne5 Be8 33. Rf3 Nc6 34. h4 Nxe5 35. Qxe5 Qb8 36. Qe3 Bd7 37. Kg2 Qd6 38. Kf1 Re8 39. Qe5 Qxe5 40. dxe5 Kb8 41. Ke2 Bc6 42. Rh3 Rd8 43.
Ke3 Kc7 44. Kd4 Bb5 45. f4 Bd7 46. h5 g5 47. fxg5 hxg5 48. h6 b6 49. axb6+ Kxb6 50. h7 a5 51. bxa5+ Kxa5 52. Rh5 Rb8 53. Ra1+ Kb6 54.
Rxg5 Kc7 55. Ra7+ Kc6 56. Ba4+ 1-0

[Event "Early-Titled-Tuesday-Blitz-March-26-2024"]
[Site "Chess.com"]
[Date "2024.03.26"]
[Round "3"]
[White "Chessmissile07"]
[Black "Karttunen"]
[Result "0-1"]
[WhiteElo "2923"]
[BlackElo "2754"]
[TimeControl "180+1"]
[EndTime "8:28:59 PDT"]
[Termination "Karttunen won by checkmate"]

1. a3 e5 2. c4 Nf6 3. Nc3 g6 4. g3 Bg7 5. Bg2 O-O 6. e4 Nc6 7. Nge2 d6 8. O-O Nd4 9. d3 c6 10. Nxd4 exd4 11. Ne2 Qb6 12. b4 a5 13. Bd2 axb4 14. axb4 Bg4 15. f3 Be6 16. Qc2 Nd7 17.
Nf4 Ra7 18. Nxe6 fxe6 19. Bh3 Re8 20. f4 Ra6 21. Rxa6 Qxa6 22. Qb2 b5 23. Ra1 Qb7 24.
Qb3 bxc4 25. Qxc4 d5 26. exd5 exd5 27. Qa6 Qxa6 28. Rxa6 Nf6 29. Rxc6 Re2 30. Rc2 Bf8 31. Bf1 Re6 32. b5 Rb6 33. Rb2 Bc5 34. Ba5 Rb7 35. Bh3 Bb6 36. Bxb6 Rxb6 37. Kf2 Kf7 38. Kf3 Ke7 39. Bc8 Kd6 40. g4 Rb8 41. Ba6 Nd7 42. Re2 Nc5 43. Rd2 Nb3 44. Rb2 Nc5 45. Ke2 Nxa6 46. Rc2 Nc5 47. f5 gxf5 48. gxf5 Rxb5 49. Kf3 Rb7 50. Kf4 Nxd3+ 51. Kg5 Ne5 52. f6 d3 53.
Ra2 d4 54. Kf5 Rb5 55. Ke4 Rb6 56. Kxd4 Ke6 57. Rf2 Rd6+ 58. Ke3 d2 59. f7 d1=Q 60. f8=Q Qd4+ 61. Ke2 Qd3+ 62. Ke1 Qd1# 0-1

[Event "Early-Titled-Tuesday-Blitz-March-26-2024"]
[Site "Chess.com"]
[Date "2024.03.26"]
[Round "3"]
[White "zverr1"]
[Black "MatthewG-p4p"]
[Result "1/2-1/2"]
[WhiteElo "2531"]
[BlackElo "2880"]
[TimeControl "180+1"]
[EndTime "8:28:59 PDT"]
[Termination "Game drawn - insufficient material"]

1. e4 e6 2. d4 d5 3. Nc3 Bb4 4. Ne2 Nf6 5. Bg5 dxe4 6. a3 Be7 7. Bxf6 gxf6 8. Nxe4 f5 9. N4c3 a6 10. g3 b5 11. Bg2 Ra7 12. d5 Bf6 13. Qd2 c5 14. Qe3 Qd6 15. O-O O-O 16. Rad1 e5 17. g4 Bg7 18.
gxf5 Bxf5 19. Ng3 Bxc2 20. Nge4 Qg6 21. Qxc5 Bxd1 22. Qxa7 Bf3 23. Ng3 Bxg2 24. Kxg2 h5 25. Kh1 Qg4 26. Qe3 Nd7 27. Rg1 Kh8 28. Nge4 Qf4 29. Rg5 Qxe3 30. fxe3 f5 31. Rxh5+ Kg8 32. Nd6 f4 33. exf4 exf4 34. Rf5 Rd8 35. Rxf4 Nb6 36. Nf5 Bxc3 37. bxc3 Kf7 38. d6 Ke6 39. Ng7+ Ke5 40.
Rf5+ Ke4 41. Rf6 Ke5 42. Rg6 Nc4 43. h4 Nxd6 44. h5 Nf7 45. h6 Rd3 46. Ne8 Rh3+ 47. Kg2 Rxh6 48. Rxh6 Nxh6 49. Nc7 Nf5 50. Nxa6 Kd5 51.
Nc7+ Kc4 52. Nxb5 Kxb5 53. c4+ Kxc4 54. a4 Kb4 55. a5 Kxa5 1/2-1/2

[Event "Early-Titled-Tuesday-Blitz-March-26-2024"]
[Site "Chess.com"]
[Date "2024.03.26"]
[Round "3"]
[White "Yeritsyaan"]
[Black "Savagelittlemole"]
[Result "1-0"]
[WhiteElo "2676"]
[BlackElo "2466"]
[TimeControl "180+1"]
[EndTime "8:28:59 PDT"]
[Termination "Yeritsyaan won on time"]

1. d4 Nf6 2. c4 c5 3. dxc5 Na6 4. Nc3 Nxc5 5. Nf3 g6 6. g3 Bg7 7. Bg2 O-O 8. O-O d6 9. Be3 Be6 10. Nd5 Bxd5 11. cxd5 Rc8 12. Bd4 Nfd7 13. Bxg7 Kxg7 14. Rc1 Qb6 15. Qd4+ Kg8 16. h4 Nf6 17. Bh3 Ncd7 18. Qxb6 axb6 19. Nd2 Rc5 20. e4 Rfc8 21. Nb3 Rxc1 22.
Rxc1 Rxc1+ 23. Nxc1 Nc5 24. f3 Na4 25. Nd3 Kf8 26.
Kf2 Ke8 27. Ke3 Nd7 28. Kd4 Ndc5 29. b4 Nxd3 30. Kxd3 Kd8 31. Kc2 Kc7 32. Bf1 e5 33. Kb3 b5 34. Bxb5 Nb6 35. a4 Nc8 36. a5 f5 37. g4 fxe4 38. fxe4 Ne7 39. Be8 h6 40. g5 hxg5 41. hxg5 Kd8 42. Bf7 Kd7 43. Kc4 Kc7 44. Kb5 Kb8 45. Be6 Kc7 46. Kc4 Kb8 47. b5 Kc7 48. b6+ Kb8 49. Kb5 Ka8 50. a6 Kb8 51. Bd7 Ka8 52. Bc6 bxc6+ 53. dxc6 1-0

[Event "Early-Titled-Tuesday-Blitz-March-26-2024"]
[Site "Chess.com"]
[Date "2024.03.26"]
[Round "3"]
[White "Szparu"]
[Black "mishanick"]
[Result "0-1"]
[WhiteElo "2808"]
[BlackElo "3103"]
[TimeControl "180+1"]
[EndTime "8:29:01 PDT"]
[Termination "mishanick won by checkmate"]

1. Nf3 d5 2. d4 Nf6 3. c4 e6 4.
g3 Bb4+ 5. Nc3 dxc4 6. Bg2 O-O 7. O-O Nc6 8. Re1 Re8 9. e4 e5 10. d5 Na5 11. Qa4 c5 12. Bg5 Bd7 13. Bxf6 Bxa4 14.
Bxd8 Bxc3 15. Bxa5 Bxa5 16. Rec1 Bb5 17. Bf1 Rac8 18. a4 Bd7 19. Bxc4 g6 20. Ne1 a6 21.
Nc2 Kg7 22. Ne3 f5 23. d6 Bd2 24. Rd1 Bxe3 25. fxe3 Rcd8 26. exf5 gxf5 27. Rd2 Bc6 28. a5 Kf6 29. Rf1 e4 30. g4 Re5 31.
Rxf5+ Rxf5 32. gxf5 Kxf5 33. Bd5 Bxd5 34. Rxd5+ Ke6 35. Rxc5 Rxd6 36. Rc7 Rd1+ 37. Kg2 Rd2+ 38. Kg3 Rxb2 39. Rxh7 Rb5 40. Kf4 Kd5 41. Rh5+ Kc4 42. Rh7 Kb4 43. h4 Kxa5 44. h5 Rb1 45. Rg7 b5 46. Rg6 Rh1 47. h6 b4 48. Kxe4 Kb5 49. Kd3 a5 50. Kc2 Rh2+ 51. Kb1 a4 52. e4 a3 53. e5 b3 54. e6 Rh1+ 55. Rg1 Rxg1# 0-1

[Event "Early-Titled-Tuesday-Blitz-March-26-2024"]
[Site "Chess.com"]
[Date "2024.03.26"]
[Round "3"]
[White "mortngabriel"]
[Black "YairParkhov"]
[Result "0-1"]
[WhiteElo "2482"]
[BlackElo "2703"]
[TimeControl "180+1"]
[EndTime "8:29:02 PDT"]
[Termination "YairParkhov won by resignation"]

1. Nf3 d5 2. e3 Nd7 3. c4 e6 4. Nc3 Ngf6 5. b3 Bd6 6. Bb2 O-O 7. d4 b6 8. cxd5 exd5 9. Bd3 c5 10. O-O Bb7 11. Rc1 Rc8 12. Ne2 Re8 13. Ng3 g6 14. Qe2 Rc7 15. Rfd1 Qa8 16. Ba6 Rec8 17. Bxb7 Qxb7 18.
Ne5 h5 19. h4 cxd4 20. exd4 Rxc1 21. Rxc1 Rxc1+ 22. Bxc1 Qc8 23. Bf4 Bf8 24. Qd2 Ne4 25. Nxe4 dxe4 26. d5 Bg7 27. Nc6 Qe8 28. Qe3 Nc5 29. Bh6 Bxh6 30. Qxh6 Qd7 31. Qg5 Kg7 32. Qe5+ f6 33. Qd4 Kf7 34. g3 Qd6 35. b4 Nd7 36.
a3 Ne5 37. Qxe4 Nxc6 38. dxc6 b5 39. Qf3 a6 40. Kg2 Ke7 41. Qe4+ Kf7 42. Qf3 f5 43. Qc3 Ke7 44. c7 Qd5+ 45. Kh2 f4 46. Qc5+ Qxc5 47. bxc5 Kd7 48. gxf4 a5 49. f5 gxf5 50. Kg3 b4 51.
axb4 axb4 52. Kf3 b3 53. Ke3 b2 54. Kd2 b1=Q 0-1

[Event "Early-Titled-Tuesday-Blitz-March-26-2024"]
[Site "Chess.com"]
[Date "2024.03.26"]
[Round "3"]
[White "VladimirKramnik"]
[Black "ahmedkandiliii"]
[Result "1-0"]
[WhiteElo "2995"]
[BlackElo "2533"]
[TimeControl "180+1"]
[EndTime "8:29:04 PDT"]
[Termination "VladimirKramnik won on time"]

1. c4 e5 2. d3 Nf6 3. Nf3 Nc6 4.
a3 Be7 5. e4 O-O 6. Nc3 a5 7.
Be2 Bc5 8. O-O d6 9. Rb1 h6 10. h3 Be6 11. Be3 Nd4 12. b4 axb4 13. axb4 Nxf3+ 14. Bxf3 Bxe3 15. fxe3 c6 16. Qd2 Qb6 17. Kh2 Ra3 18.
Bd1 Rfa8 19. Bc2 d5 20. exd5 cxd5 21. c5 Qc7 22. Nb5 Qb8 23. Nxa3 e4+ 24. Kg1 Rxa3 25.
Ra1 Qa7 26. Rxa3 Qxa3 27. dxe4 dxe4 28. Qd8+ Kh7 29. Qd4 Bd5 30. Rxf6 gxf6 31. Qxd5 Qxe3+ 32. Kh1 Qc1+ 33. Qd1 Qe3 34. b5 f5 35. c6 bxc6 36.
bxc6 Qc5 37. Ba4 e3 38. Qf3 Qe5 39. Bd1 f4 40. Be2 Qd6 41. Qe4+ Kg8 42. Bd3 Kf8 43. Be2 Qc5 44. Qxf4 Qc1+ 45. Kh2 Qxc6 46. Qxe3 Qd6+ 47. Qg3 Qe6 48. Bf3 Qf6 49. Qg4 Qd6+ 50. Qg3 Qf6 51. Qb8+ Kg7 52. Qc7 Qe6 53. Qf4 Kf8 54. Be4 1-0